 Dungeon Crawl Stone Soup version 0.14-a0-3367-g7c2a7eb (webtiles) character file.

177 KaKa the Sneak (level 5, 0/30 HPs)
             Began as a Kobold Assassin on Mar 19, 2014.
             Slain by a gnoll
             ... wielding a cursed +0,+0 club
              (4 damage)
             ... on Level 3 of the Dungeon.
             The game lasted 00:11:23 (1998 turns).

KaKa the Sneak (Kobold Assassin)                    Turns: 1998, Time: 00:11:24

HP   0/30        AC  3     Str 10      XL: 5   Next:  0%
MP   5/5         EV 14     Int 10      God:
Gold 80          SH  0     Dex 17      Spells:  0 memorised,  4 levels left

rFire  . . .     SeeInvis .     t - +0,+1 short sword (venom)
rCold  . . .     Clarity  .     c - +0 robe
rNeg   . . .     Conserve .     (no shield)
rPois  .         rCorr    .     s - +0 hat
rElec  .         rRot     .     d - +0 cloak
SustAb . .       Spirit   .     (no gloves)
rMut   .         Warding  .     (no boots)
Saprov + + .     Stasis   .     (no amulet)
MR     .....                    (no ring)
                                l - ring of flight

@: not resistant to hostile enchantments, very stealthy
A: disease resistance, carnivore 3, saprovore 2
a: Evoke Flight


You were on level 3 of the Dungeon.
You were full.

You visited 1 branch of the dungeon, and saw 3 of its levels.

You collected 80 gold pieces.

Inventory:

Hand weapons
 a - a +2,+2 dagger
 b - a +0 blowgun
 t - a +0,+1 short sword of venom (weapon)
Missiles
 e - 6 poisoned needles
 f - 2 curare-tipped needles
Armour
 c - a +0 robe (worn)
 d - a +0 cloak (worn)
 q - a +0 cloak
 s - a +0 hat (worn)
Comestibles
 g - 2 meat rations
Scrolls
 h - a scroll of fear {unknown}
 j - a scroll of blinking {unknown}
 k - 2 scrolls of teleportation {unknown}
 m - a scroll of identify {unknown}
 p - a scroll of magic mapping {unknown}
 r - a scroll of remove curse {unknown}
 u - a scroll of immolation {unknown}
 v - a scroll of enchant weapon I {unknown}
Jewellery
 l - a ring of flight (left hand)
 o - an uncursed amulet of inaccuracy {unknown}
Potions
 i - a potion of curing {unknown}
 n - a potion of might {unknown}


   Skills:
 - Level 2.1 Fighting
 - Level 5.0 Short Blades
 - Level 2.6 Throwing
 - Level 1.2 Dodging
 + Level 6.7 Stealth


You had 4 spell levels left.
You didn't know any spells.

Dungeon Overview and Level Annotations

Branches:
Dungeon (3/15)

Altars:
Sif Muna
Xom
Zin


Innate Abilities, Weirdness & Mutations

You recuperate from illness quickly.
You are small and have problems with some larger weapons.
You are carnivorous and can eat meat at any time.
You can eat rotten meat.


Message History

The goblin is severely wounded.
The gnoll barely misses you. The goblin closely misses you.
The gnoll completely misses you.
The goblin wields a sling.
The goblin shoots a stone.
The stone hits you!
You see here a stone.
You kill the goblin!
You have reached level 5!
You feel agile. The gnoll hits you but does no damage.
You hit the gnoll.
The gnoll looks even sicker.
The gnoll is heavily wounded.
The gnoll hits you with a spear.
You hit the gnoll.
The gnoll looks even sicker.
The gnoll is severely wounded.
You hit the gnoll.
The gnoll is poisoned.
The gnoll is heavily wounded.
The gnoll hits you with a spear!
* * * LOW HITPOINT WARNING * * *
The gnoll hits you with a club.
You die...

#..#.# #<# ####..#.#
####.#### # #.......#
#....((.#
##.#.......#####.......#
......................#
####.#.......########.####
.......$.)............#
####.##%#gg#.#.....(%##
#g#@(#.#.......#
#g#..#.#.......#
#g#..#.#.......#
#.#..#.#.......#
#.#..#.#######.# #.#..#>#
#.# .#..#.# #.# #..#.# ...
#..#.#


You could see 2 gnolls.

Vanquished Creatures
  2 gnolls (D:3)
  3 adders (D:2)
  A worm (D:2)
  2 giant geckos (D:2)
  2 giant cockroaches
  5 hobgoblins
  2 jackals (D:1)
  A quokka (D:2)
  2 ball pythons
  5 bats
  5 giant newts
  3 goblins
  9 kobolds
  7 rats
49 creatures vanquished.

Notes
Turn   | Place    | Note
--------------------------------------------------------------
     0 | D:1      | KaKa, the Kobold Assassin, began the quest for the Orb.
     0 | D:1      | Reached XP level 1. HP: 12/12 MP: 1/1
   272 | D:1      | Reached XP level 2. HP: 14/17 MP: 2/2
  1103 | D:2      | Reached XP level 3. HP: 21/21 MP: 3/3
  1361 | D:2      | Reached skill level 5 in Short Blades
  1409 | D:2      | Reached XP level 4. HP: 21/26 MP: 4/4
  1550 | D:2      | Noticed an angel
  1551 | D:2      | Found a shimmering altar of Xom.
  1551 | D:2      | Found a glowing silver altar of Zin.
  1676 | D:2      | Reached skill level 6 in Stealth
  1818 | D:2      | Found a deep blue altar of Sif Muna.
  1994 | D:3      | Reached XP level 5. HP: 15/30 MP: 5/5
  1998 | D:3      | Slain by a gnoll

Action                   |  1- 3 |  4- 6 || total
-------------------------+-------+-------++-------
Melee: Dagger            |   113 |     7 ||   120
       Short sword       |       |    42 ||    42
 Fire: Blowgun           |    12 |       ||    12
 Stab: Sleeping          |     4 |     1 ||     5
